 Dungeon Crawl Stone Soup version 0.23-a0-650-ga4d50d4 (webtiles) character file.

7 Amnesiac the Ducker (level 1, -6/9 HPs)
             Began as a Spriggan Transmuter on Jan 2, 2019.
             Killed by divine providence
             ... invoked by an orc priest
              (13 damage)
             ... on level 3 of the Dungeon.
             The game lasted 00:01:17 (521 turns).

Amnesiac the Ducker (Spriggan Transmuter)            Turns: 521, Time: 00:01:17

Health: -6/9       AC:  2    Str:  6    XL:     1   Next: 91%
Magic:  5/5        EV: 18    Int: 14    God:
Gold:   36         SH:  0    Dex: 16    Spells: 4/5 levels left

rFire    . . .     SeeInvis +     - Unarmed
rCold    . . .     Gourm    .   (shield restricted)
rNeg     . . .     Faith    .   b - +0 robe
rPois    .         Spirit   .   (helmet restricted)
rElec    .         Reflect  .   (no cloak)
rCorr    .         Harm     .   (gloves unavailable)
MR       .....                  (boots unavailable)
Stlth    +.........             (no amulet)
HPRegen  0.03/turn              (no ring)
MPRegen  0.09/turn              (no ring)

@: very quick
A: very small, unfitting armour, see invisible, herbivore, speed 3, slow
metabolism 2
a: no special abilities


You were on level 3 of the Dungeon.
You were not hungry.

You visited 1 branch of the dungeon, and saw 4 of its levels.

You collected 36 gold pieces.

Inventory:

Missiles
 a - 34 arrows
Armour
 b - a +0 robe (worn)
Scrolls
 c - a scroll of amnesia {!r, unknown}
 e - a scroll of magic mapping {!r, unknown}
Comestibles
 d - a ration


   Skills:
 + Level 0.9 Fighting
 + Level 3.1 Dodging
 + Level 2.5 Unarmed Combat
 + Level 2.8 Spellcasting
 * Level 3.0 Transmutations


You had 4 spell levels left.
You knew the following spells:

 Your Spells              Type           Power        Failure   Level  Hunger
a - Beastly Appendage     Tmut           ##....       6%          1    #......

Your spell library contained the following spells:

 Spells                   Type           Power        Failure   Level  Hunger
 Sticks to Snakes         Tmut           ##......     10%         2    ###....
 Spider Form              Tmut/Pois      #.........   34%         3    ###....
 Ice Form                 Ice/Tmut       #.......     75%         4    #####..
 Blade Hands              Tmut           ##........   86%         5    ######.


Dungeon Overview and Level Annotations

Branches:
Dungeon (4/15)
 Temple: D:4-7

Altars:


Innate Abilities, Weirdness & Mutations

You are very small and have problems with some larger weapons.
You are too small for most types of armour.
You have supernaturally acute eyesight. (SInv)
You are a herbivore.
You cover ground extremely quickly.
You need to consume almost no food.


Message History

You kill the bat!
You climb downwards.
An adder comes into view.
Your transformation is almost over.
There is a stone staircase leading up here.
The adder hisses angrily.
You open the door.
There is an open door here.
You close the door.
Your talons disappear.
You start resting.
HP restored.
You open the door.
There is an open door here.
Found a stone staircase leading down.
An adder comes into view.
The adder hisses angrily.
There is a stone staircase leading down here.
The adder barely misses you.
You climb downwards.
A quokka comes into view.
Found a ration.
Found an escape hatch in the ceiling.
Found a stone staircase leading down.
There is a stone staircase leading up here.
The quokka bites you.
* * * LOW HITPOINT WARNING * * *
There is a stone staircase leading down here.
Casting: Beastly Appendage (safe; 6% risk of failure)
Confirm with . or Enter, or press ? or * to list all spells.
Your feet morph into talons.
You barely miss the quokka. You claw the quokka.
The quokka is heavily wounded.
The quokka closely misses you.
You completely miss the quokka.
The quokka is heavily wounded.
The quokka barely misses you.
You hit the quokka. You claw the quokka.
You kill the quokka!
There is an escape hatch in the ceiling here.
There is a stone staircase leading up here.
Your transformation is almost over.
You climb upwards.
There is a stone staircase leading down here.
You start resting.
Your talons disappear.
You start resting.
HP restored.
Okay, then.
The adder hisses angrily.
The adder is too close now for your liking.
An adder is nearby!
An adder is nearby!
There is a stone staircase leading down here.
Found 5 gold pieces.
Found a dagger.
You now have 36 gold pieces (gained 5).
You open the door. 2 orcs, an orc priest and an orc wizard come into view.
The orc wizard is wielding a +2 dagger of venom.
The orc priest is wielding a The orc priest shouts!
The orc priest mumbles some strange prayers to Beogh against you.
Beogh smites you!
Ouch! That really hurt!
You die...

..# .# #.# .# #.# .# +#
#.# .# ... #.# #####.#
.... ##.# #.....# .....
##.#######....####.o.o..
................@'......
##.#######....####o.....
##.# ........# ..... #.#
##......# ..?. #.#
#.#.##.# o.. ##>#
#.#.##.# +# ...#
#...##)# .### #..###.#
.#


You could see an orc priest, an orc wizard and 2 orcs.

Vanquished Creatures
  A dart slug (D:1)
  2 bats
  A quokka (D:4)
  A kobold (D:1)
  A rat (D:1)
6 creatures vanquished.

Notes
Turn   | Place    | Note
-------+----------+-------------------------------------------
     0 | D:1      | Amnesiac the Spriggan Transmuter began the quest for the
                  | Orb.
     0 | D:1      | Reached XP level 1. HP: 9/9 MP: 5/5
   521 | D:3      | Noticed an orc wizard
   521 | D:3      | Noticed an orc priest
   521 | D:3      | Killed from afar by an orc priest

Vault maps used:
D:1:      nagdon_arrival_double_spiral, minmay_statues_item
D:2:      marbit_many_paths, hangedman_feature_mirror, uniq_robin
D:3:      nemelex_diamond_rough_becter
D:4:      first_ration, lemuel_altar_in_water2

Skill      XL: |  1 |
---------------+----+-----
Transmutations | 3 |  3.0
Fighting       | |  0.9
Dodging        | |  3.1
Unarmed Combat | |  2.5
Spellcasting   | |  2.8

Action                   || total
-------------------------++-------
Melee: Unarmed           ||    20
       Kick              ||     3
 Cast: Beastly Appendage ||     4
 Stab: Sleeping          ||     1
Armor: Robe              ||     1
Dodge: Dodged            ||    15

Table legend:
 A = Non-vault XP
 B = Vault XP
 C = Vault XP percentage of total XP
 D = Non-vault monster count
 E = Vault monster count
 F = Vault count percentage of total count
                 A         B        C        D         E       F
            +---------+---------+-------+---------+---------+-------
      Total |      11 |       0 |   0.0 |       6 |       0 |   0.0
            +---------+---------+-------+---------+---------+-------
        D:1 |       8 |       0 |   0.0 |       4 |       0 |   0.0
        D:2 |       1 |       0 |   0.0 |       1 |       0 |   0.0
        D:4 |       2 |       0 |   0.0 |       1 |       0 |   0.0
            +---------+---------+-------+---------+---------+-------
